AoeStats
← KND

Arabia

508106387Analyzed
4v4 RM · 11d ago on Sep 20, 2026· 25m 26s· 8 players
Game mode
Random Map
Map size
Large (8 player)
Population
200
Speed
Normal
Resources
Standard
Victory
Conquest
Starting age
Dark Age
Ending age
Imperial Age
RankedLock teamsTeams togetherTeam positionsShared explorationLock speedFull tech treeHidden civsTurbo modeCheats
Victory
Defeat
🇦🇷 Malay · Argentina
1606
+18
🇦🇷 Vikings · Argentina
1552
+20
🇦🇷 Bengalis · Argentina
1544
+21
🇦🇷 Berbers · Argentina
1468
+23
🇺🇸 Bohemians · United States
1751
-24
🇺🇸 Chinese · United States
1679
-22
🇲🇽 Koreans · Mexico
1638
-20
🇧🇷 Tatars · Brazil
1524
-16
BeardyMan37
5:16 Loom
8:24 Feudal Age
11:58 Fletching
15:23 Double-Bit Axe
22:51 Castle Age
23:38 Bodkin Arrow
23:03 Crossbowman
24:29 Padded Archer Armor
25:00 Ballistics
26:53 Chemistry
SimmaHem7912
8:34 Feudal Age
10:02 Loom
11:43 Fletching
13:52 Horse Collar
__67_7SmigoL._Arg
0:25 Loom
9:14 Feudal Age
9:48 Double-Bit Axe
9:51 Horse Collar
11:50 Forging
15:42 Scale Barding Armor
19:30 Wheelbarrow
20:28 Bloodlines
KND
7:00 Loom
9:19 Feudal Age
9:53 Double-Bit Axe
11:20 Horse Collar
12:35 Forging
16:32 Scale Barding Armor
24:56 Castle Age
23:41 Gold Mining
24:04 Bloodlines
26:24 Iron Casting
_38_VirusBox_Arg
6:12 Loom
8:31 Feudal Age
10:22 Double-Bit Axe
16:31 Fletching
24:36 Castle Age
23:28 Gold Mining
23:29 Horse Collar
24:20 Padded Archer Armor
24:29 Town Watch
24:44 Crossbowman
25:36 Bow Saw
__35_Kingpin_Arg
6:11 Loom
8:52 Feudal Age
9:34 Double-Bit Axe
16:36 Scale Barding Armor
17:35 Wheelbarrow
21:33 Castle Age
20:26 Bloodlines
22:31 Bow Saw
23:23 Chain Barding Armor
25:28 Husbandry
__127_Monchito008_Arg
7:07 Loom
9:20 Feudal Age
9:53 Double-Bit Axe
10:38 Horse Collar
15:23 Forging
16:13 Scale Barding Armor
18:18 Bloodlines
24:36 Castle Age
23:12 Gold Mining
25:19 Husbandry
25:40 Chain Barding Armor
25:56 Iron Casting
25:04 Light Cavalry
__92_Deimos_Arg
7:24 Loom
9:43 Feudal Age
9:45 Double-Bit Axe
13:13 Fletching
14:30 Padded Archer Armor
19:28 Wheelbarrow
22:25 Castle Age
20:15 Horse Collar
20:26 Gold Mining
21:31 Crossbowman
22:07 Bodkin Arrow
22:26 Bow Saw
25:38 Ballistics
Connection lost

Rejoining the realm…

Still unreachable

The connection could not be restored.

Session expired

The server has moved on; the page needs a fresh start.